 Dungeon Crawl Stone Soup version 0.17-a0-1617-gfba1302 (webtiles) character file.

123 thrall606 the Skirmisher (level 4, -1/38 HPs)
             Began as a Demonspawn Abyssal Knight on Aug 1, 2015.
             Was a Believer of Lugonu.
             Succumbed to an orc wizard's poison
             ... on level 4 of the Dungeon.
             The game lasted 00:09:57 (1236 turns).

thrall606 the Skirmisher (DsAK)                     Turns: 1236, Time: 00:09:57

Health: -1/38      AC: 11    Str: 16      XL:     4   Next: 80%
Magic:  3/6        EV:  7    Int: 13      God:    Lugonu [**....]
Gold:   72         SH:  0    Dex:  9 (10) Spells: 0 memorised, 3 levels left

rFire  . . .     SeeInvis .     a - +5 hand axe
rCold  . . .     Clarity  .     e - +2 chain mail
rNeg   . . .     SustAt   .     (no shield)
rPois  .         Gourm    .     (helmet restricted)
rElec  .         Spirit   +     (no cloak)
rCorr  .         Warding  .     d - +0 pair of gloves
rMut   .         Stasis   .     (no boots)
MR     .....                    (no amulet)
Stlth  ..........               (no ring)
                                (no ring)

@: lethally poisoned (-1 -> -49), not resistant to hostile enchantments,
extremely unstealthy
A: horns 1, talons 1, clumsy 1, strong 1, magic shield
a: Depart the Abyss, Bend Space, Renounce Religion


You were on level 4 of the Dungeon.
You worshipped Lugonu.
Lugonu was pleased with you.
You were not hungry.

You visited 1 branch of the dungeon, and saw 3 of its levels.
You visited the Abyss 1 time.

You collected 72 gold pieces.

Inventory:

Hand weapons
 a - a +5 hand axe (weapon)
 h - a cursed +0 club
Armour
 b - a +0 leather armour
 d - a +0 pair of gloves (worn)
 e - a +2 chain mail (worn)
Magical devices
 g - a wand of draining (11)
Potions
 i - a potion of brilliance
Comestibles
 c - a bread ration
 f - 4 chunks of flesh


   Skills:
 + Level 4.4 Fighting
 + Level 2.5 Axes
 + Level 2.3 Armour
 + Level 1.4 Dodging
 + Level 2.7 Invocations


You had 3 spell levels left.
You didn't know any spells.

Dungeon Overview and Level Annotations

Branches:
Dungeon (4/15)
 Temple: D:4-7

Altars:
Ashenzari
Elyvilon

Portals:
Sewer: D:4


Innate Abilities, Weirdness & Mutations

You have sharp toenails.
When hurt, damage is shared between your health and your magic reserves.
You have a pair of small horns on your head.
You are clumsy. (Dex -2)
Your muscles are strong. (Str +2)


Message History

You are more poisoned.
You hit the orc wizard. Your kick misses the orc wizard.
The orc wizard is almost dead.
You hit the orc wizard.
The orc wizard is severely wounded.
* * * LOW HITPOINT WARNING * * *
You feel very sick.
The orc wizard hits you but does no damage.
The orc wizard gestures wildly while chanting.
The orc wizard blinks!
The orc wizard points at you and mumbles some strange words.
The puff of flame hits you!
* * * LOW HITPOINT WARNING * * *
Your chain mail prevents you from hitting the orc wizard.
Your kick misses the orc wizard. You headbutt the orc wizard.
You kill the orc wizard!
Lugonu accepts your kill.
* * * LOW HITPOINT WARNING * * *
You feel very sick.
You die...

(# .# ##.# #.# .#
.# #. #.# .# #.
#.# .# #. #######
#.# ..> #. #.≈≈≈∩#
#.# .#.#
#.#####.≈≈≈≈# #.#
...# #[#......≈≈≈#
#.# ...#
#........≈≈≈# #.#
... #§@).......†#
#.#
#.o#.####.†%###.#
#..#.####.......#
.............#..##
....##.####...#..#
.###. #.# ##.##..#
#. #.# ####..# ..
#..# #..#


You could see an orc wizard.

Vanquished Creatures
  A hound (D:4)
  An orc wizard (D:4)
  Ijyb (D:2)
  A river rat (D:4)
  2 giant geckos
  An orc (D:4)
  2 hobgoblins (D:1)
  2 jackals (D:2)
  5 kobolds
  A ball python (D:4)
  3 bats
  A giant newt (D:1)
  3 goblins (D:1)
  5 rats (D:4)
29 creatures vanquished.

Notes
Turn   | Place    | Note
--------------------------------------------------------------
     0 | Abyss:1  | thrall606 the Demonspawn Abyssal Knight began the quest for the Orb.
     0 | Abyss:1  | Reached XP level 1. HP: 18/18 MP: 2/2
    12 | D:1      | Escaped the Abyss
   166 | D:1      | Gained mutation: You have sharp toenails. [demonic ancestry]
   166 | D:1      | Reached XP level 2. HP: 17/24 MP: 3/3
   377 | D:1      | Reached skill level 1 in Dodging
   866 | D:2      | Found a white marble altar of Elyvilon.
   901 | D:2      | Noticed Ijyb
   921 | D:2      | Killed Ijyb
   921 | D:2      | Reached XP level 3. HP: 20/30 MP: 3/5
   999 | D:2      | You fall through a shaft for 2 floors!
  1022 | D:4      | Gained mutation: Your muscles are strong. (Str +2) [potion of mutation]
  1022 | D:4      | Gained mutation: You are clumsy. (Dex -2) [potion of mutation]
  1022 | D:4      | Gained mutation: You have a pair of small horns on your head. [potion of mutation]
  1032 | D:4      | Found a shattered altar of Ashenzari.
  1173 | D:4      | Acquired Lugonu's second power
  1173 | D:4      | Reached skill level 4 in Fighting
  1173 | D:4      | Gained mutation: When hurt, damage is shared between your health and your magic reserves. [demonic ancestry]
  1173 | D:4      | Reached XP level 4. HP: 37/37 MP: 6/6
  1190 | D:4      | Found a glowing drain.
  1236 | D:4      | Succumbed to an orc wizard's poison

Vault maps used:
D:1:      ncdulo_wetmaze
D:2:      lemuel_doored_altar, lemuel_round_altar, first_bread, uniq_iyjb,
          uniq_robin
D:4:      lemuel_castle_with_subvaults, kennysheep_mini_moat,
          portal_sewer_entry_b

Action                   |  1- 3 |  4- 6 || total
-------------------------+-------+-------++-------
Melee: Hand axe          |    61 |    14 ||    75
  Use: Scroll            |    10 |     1 ||    11
       Potion            |     6 |       ||     6
  Eat: Chunk             |     1 |       ||     1
